 Dungeon Crawl Stone Soup version 0.22.1-1-ga44c0e5 (webtiles) character file.

82 mandick the Insei (level 4, -5/33 HPs)
             Began as a Demonspawn Transmuter on Sept 30, 2018.
             Slain by a gnoll
             ... wielding a +0 halberd
              (14 damage)
             ... on level 2 of the Dungeon.
             The game lasted 00:03:02 (1637 turns).

mandick the Insei (Demonspawn Transmuter)           Turns: 1637, Time: 00:03:03

Health: -5/33      AC:  2    Str: 11    XL:     4   Next: 21%
Magic:  5/7        EV: 13    Int: 14    God:
Gold:   49         SH:  0    Dex: 14    Spells: 6/7 levels left

rFire    . . .     SeeInvis .   f - +1 whip (venom)
rCold    . . .     Gourm    .   (no shield)
rNeg     . . .     Faith    .   b - +0 robe
rPois    .         Spirit   .   (no helmet)
rElec    .         Reflect  .   (no cloak)
rCorr    .         Harm     .   (no gloves)
MR       .....                  (no boots)
Stlth    ++........             (no amulet)
HPRegen  0.11/turn              (no ring)
MPRegen  0.10/turn              (no ring)

@: appendage (expiring)
A: horns 2, nightstalker 1
a: End Transformation


You were on level 2 of the Dungeon.
You were hungry.
You had grown temporary horns.
You visited 1 branch of the dungeon, and saw 2 of its levels.

You collected 49 gold pieces.

Inventory:

Hand Weapons
 f - a +1 whip of venom (weapon)
Missiles
 a - 42 arrows
Armour
 b - a +0 robe (worn)
Scrolls
 c - a scroll of magic mapping {unknown}
 h - 2 scrolls of teleportation {unknown}
 i - a scroll of fear {unknown}
Potions
 e - a potion of might {unknown}
 g - a potion of cancellation {unknown}
 j - a potion of haste {unknown}
Comestibles
 d - 3 rations
 k - 2 chunks of flesh


   Skills:
 + Level 2.1 Fighting
 + Level 2.5 Dodging
 + Level 3.2 Unarmed Combat
 - Level 2.0 Spellcasting
 + Level 2.5 Transmutations


You had 6 spell levels left.
You knew the following spells:

 Your Spells              Type           Power        Failure   Level  Hunger
a - Beastly Appendage     Tmut           #.....       9%          1    ##.....

Your spell library contained the following spells:

 Spells                   Type           Power        Failure   Level  Hunger
 Sticks to Snakes         Tmut           #.......     13%         2    ###....
 Spider Form              Tmut/Pois      #.........   38%         3    ####...
 Ice Form                 Ice/Tmut       #.......     80%         4    #####..
 Blade Hands              Tmut           #.........   93%         5    ######.


Dungeon Overview and Level Annotations

Branches:
Dungeon (2/15)

Altars:


Innate Abilities, Weirdness & Mutations

You are slightly more attuned to the shadows.
You have a pair of horns on your head.


Message History

You kill the gnoll!
You have reached level 4!
You feel agile. The gnoll misses you.
You hit the gnoll.
The gnoll is poisoned.
The gnoll is heavily wounded.
The gnoll hits you with a flail.
The gnoll shouts!
You hit the gnoll.
The gnoll looks as sick as possible!
You headbutt the gnoll.
You kill the gnoll!
The gnoll hits you from afar with a spear!
* * * LOW HITPOINT WARNING * * *
You are feeling hungry.
The gnoll closely misses you.
You see here a spear.
You hit the gnoll.
The gnoll is poisoned.
You headbutt the gnoll, but do no damage.
The gnoll is moderately wounded.
The gnoll hits you from afar with a halberd!
You die...

#.......#. #.♣#♣#♣##.
#.#######. ♣. #.......#.
♣P# ######.....#. ....
............. ....####
######.......
......)#### #♣.÷♣)..#.
....gg@.).♣ ♣♣..♣♣...#.
...####.#♣♣♣♣♣...♣.####.
#.........♣♣..P♣♣.
######.#♣♣P.PP♣....
##..♣♣♣..♣♣♣...
#....♣♣.♣..♣♣..#
#.#....♣.P♣.♣...
...#....♣♣P♣ ♣ #.
#####.....♣♣♣


You could see 2 gnolls.

Vanquished Creatures
  2 adders (D:2)
  2 gnolls (D:2)
  2 oozes (D:1)
  3 leopard geckos (D:1)
  3 bats (D:1)
  2 giant cockroaches
  5 goblins (D:1)
  6 hobgoblins
  3 kobolds (D:1)
  3 frilled lizards (D:1)
  2 rats (D:1)
33 creatures vanquished.

Notes
Turn   | Place    | Note
-------+----------+-------------------------------------------
     0 | D:1      | mandick the Demonspawn Transmuter began the quest for the
                  | Orb.
     0 | D:1      | Reached XP level 1. HP: 15/15 MP: 3/3
     0 | D:1      | Noticed a troll
     0 | D:1      | Noticed a vine stalker
     1 | D:1      | Noticed a gargoyle
     3 | D:1      | Noticed a ghoul
     3 | D:1      | Noticed a gargoyle
     6 | D:1      | Noticed a ghoul
     7 | D:1      | Noticed a felid
    10 | D:1      | Noticed a gargoyle
    12 | D:1      | Noticed a ghoul
    12 | D:1      | Noticed a naga
    13 | D:1      | Noticed a naga
    14 | D:1      | Noticed a ghoul
    16 | D:1      | Noticed a vampire
    18 | D:1      | Noticed a ghoul
    20 | D:1      | Noticed an octopode
   454 | D:1      | Gained mutation: You are slightly more attuned to the
                  | shadows. [demonic ancestry]
   454 | D:1      | Reached XP level 2. HP: 21/21 MP: 3/5
   676 | D:1      | Reached skill level 3 in Unarmed Combat
   969 | D:1      | Reached XP level 3. HP: 26/26 MP: 6/6
  1633 | D:2      | Reached XP level 4. HP: 17/33 MP: 5/7
  1637 | D:2      | Slain by a gnoll

Skill      XL: |  1  2  3 |
---------------+----------+-----
Dodging        | 2 |  2.5
Transmutations | 2 |  2.5
Unarmed Combat | 3 |  3.2
Fighting       | 2 |  2.1
Spellcasting   | |  2.0

Action                   |  1- 3 |  4- 6 || total
-------------------------+-------+-------++-------
Melee: Unarmed           |    57 |       ||    57
       Headbutt          |     3 |     2 ||     5
       Kick              |     5 |       ||     5
       Whip              |    43 |     3 ||    46
       Punch             |     1 |       ||     1
 Cast: Beastly Appendage |     7 |       ||     7
 Stab: Sleeping          |     5 |       ||     5
  Eat: Chunk             |     2 |       ||     2
Armor: Robe              |    10 |       ||    10
Dodge: Dodged            |    61 |     2 ||    63
